 Dungeon Crawl Stone Soup version 0.25.0-10-g039870ee82 (console) character file.

Game seed: 8083612257409216131

721 bli the Spear-Bearer (level 7, -5/57 HPs)
             Began as a Merfolk Monk on June 23, 2020.
             Was a Priest of Makhleb.
             Slain by an orc warrior
             ... wielding a +0 long sword
              (17 damage)
             ... on level 6 of the Dungeon.
             The game lasted 00:19:30 (4922 turns).

bli the Spear-Bearer (Merfolk Monk)                 Turns: 4922, Time: 00:19:31

Health: -5/57      AC: 10    Str: 13    XL:     7   Next: 70%
Magic:  7/7        EV:  4    Int: 10    God:    Makhleb [***...]
Gold:   241        SH:  0    Dex: 16    Spells: 6/6 levels left

rFire    . . .     SeeInvis .   a - +0 trident
rCold    . . .     Gourm    .   (no shield)
rNeg     . . .     Faith    .   g - +0 plate armour (curse)
rPois    .         Spirit   .   (no helmet)
rElec    .         Reflect  .   (no cloak)
rCorr    .         Harm     .   (no gloves)
MR       +....                  (no boots)
Stlth    ..........             (no amulet)
HPRegen  0.19/turn              o - ring of protection from magic
MPRegen  0.10/turn              (no ring)

@: no status effects
A: change form in water, swift swim, stealthy swim
a: Minor Destruction, Lesser Servant of Makhleb, Renounce Religion


You were on level 6 of the Dungeon.
You worshipped Makhleb.
Makhleb was most pleased with you.
You were very hungry.

You visited 1 branch of the dungeon, and saw 6 of its levels.

You collected 241 gold pieces.

Inventory:

Hand Weapons
 a - a +0 trident (weapon)
 b - a +0 hand axe of freezing
 w - a +0 spear
Missiles
 j - 10 boomerangs (quivered)
 t - a throwing net
Armour
 g - a cursed +0 plate armour (worn)
 s - a +0 robe
 C - a +0 chain mail
 D - a +0 buckler
 E - a +0 ring mail
Jewellery
 o - a ring of protection from magic (left hand)
Wands
 q - a wand of enslavement (4)
 B - a wand of digging (4)
Scrolls
 e - 2 scrolls of magic mapping {unknown}
 h - 3 scrolls of identify
 l - 2 scrolls of fear {unknown}
 m - 3 scrolls of fog {unknown}
 n - 2 scrolls of remove curse {unknown}
 x - 2 scrolls of blinking {unknown}
 y - a scroll of teleportation {unknown}
 z - 2 scrolls of enchant weapon {unknown}
 A - 3 scrolls of amnesia {unknown}
Potions
 d - 2 potions of curing
 i - a potion of heal wounds {unknown}
 k - a potion of degeneration {unknown}
 p - a potion of flight {unknown}
 r - a potion of invisibility {unknown}
 u - a potion of resistance {unknown}
 v - 3 potions of stabbing
 F - a potion of berserk rage {unknown}
Comestibles
 c - 8 rations
 f - 11 chunks of flesh


   Skills:
 * Level 5.8 Fighting
 + Level 10.2 Polearms
 + Level 5.0 Dodging
 - Level 2.1 Stealth


You had 6 spell levels left.
You didn't know any spells.
Your spell library was empty.

Dungeon Overview and Level Annotations

Branches:
Dungeon (6/15)             Temple (0/1) D:5

Altars:
Ashenzari
Makhleb
Nemelex Xobeh

Annotations:
D:4 3 runed translucent doors, Sedillia's ghost, amateur GnWn


Message History

The orc warrior is moderately wounded.
You closely miss the orc warrior.
The orc warrior is moderately wounded.
The orc warrior hits you with a +0 long sword!
* * * LOW HITPOINT WARNING * * *
You hit the orc warrior but do no damage.
The orc warrior is moderately wounded.
The orc wizard casts a spell.
The orc wizard blinks!
The orc warrior hits you with a +0 long sword.
* * * LOW HITPOINT WARNING * * *
The orc wizard hits you but does no damage.
You puncture the orc wizard!
The orc wizard is almost dead.
The orc wizard hits you with a +0 mace.
* * * LOW HITPOINT WARNING * * *
It was a potion of curing.
You feel better.
The orc wizard hits you but does no damage.
The orc warrior hits you with a +0 long sword!
You die...

##.##########
.......oo.o.#
...####o###o#
#[#.##@# #.#
#.#o# #$# #o<#
..# ##.# ..#
#..# .. #.#.#
#.##.#
..###)######.
#####.........
#.............
....####.#####.<


You could see an orc warrior, 2 orc wizards and an orc.

Vanquished Creatures
  2 ogres
  A gnoll sergeant (D:5)
  A crimson imp (D:5)
  A jelly (D:5)
  An orc priest (D:6)
  Ijyb (D:3)
  An iguana (D:5)
  2 orc wizards
  2 worker ants
  A hound skeleton (D:5)
  2 gnolls (D:5)
  8 adders
  An adder skeleton (D:4)
  2 worms
  2 dart slugs
  5 leopard geckos
  19 orcs
  2 giant cockroaches (D:1)
  8 goblins
  9 hobgoblins
  9 jackals
  2 quokkas
  3 ball pythons
  7 bats
  3 frilled lizards (D:2)
  11 kobolds
  A leopard gecko skeleton (D:4)
  A leopard gecko zombie (D:3)
  10 rats
118 creatures vanquished.

Vanquished Creatures (collateral kills)
  A gnoll (D:5)
  A frilled lizard (D:5)
2 creatures vanquished.

Grand Total: 120 creatures vanquished

Notes
Turn   | Place    | Note
-------+----------+-------------------------------------------
     0 | D:1      | bli the Merfolk Monk began the quest for the Orb.
     0 | D:1      | Reached XP level 1. HP: 18/18 MP: 1/1
   107 | D:1      | Reached XP level 2. HP: 23/24 MP: 2/2
   143 | D:1      | Reached skill level 5 in Polearms
   444 | D:1      | Reached XP level 3. HP: 28/29 MP: 3/3
   736 | D:2      | Found a burning altar of Makhleb.
   741 | D:2      | Became a worshipper of Makhleb the Destroyer
   741 | D:2      | Reached * piety under Makhleb
   741 | D:2      | Reached ** piety under Makhleb
   954 | D:2      | Reached skill level 6 in Polearms
  1114 | D:2      | Reached XP level 4. HP: 37/37 MP: 4/4
  1701 | D:3      | Noticed Ijyb
  1724 | D:3      | Paralysed by Ijyb for 4 turns
  1737 | D:3      | Paralysed by Ijyb for 3 turns
  1751 | D:3      | Killed Ijyb
  1751 | D:3      | Reached skill level 7 in Polearms
  1751 | D:3      | Reached XP level 5. HP: 27/42 MP: 5/5
  1800 | D:3      | Reached *** piety under Makhleb
  3063 | D:4      | Noticed an ogre
  3071 | D:4      | Killed an ogre
  3071 | D:4      | Reached skill level 8 in Polearms
  3071 | D:4      | Reached XP level 6. HP: 31/49 MP: 6/6
  3314 | D:4      | Found a runed translucent gate.
  3314 | D:4      | Found a runed translucent gate.
  3314 | D:4      | Found a runed translucent gate.
  3319 | D:4      | Noticed Sedillia's ghost (amateur GnWn)
  3408 | D:4      | Found a shattered altar of Ashenzari.
  3652 | D:5      | Entered Level 5 of the Dungeon
  3666 | D:5      | Reached skill level 5 in Dodging
  3737 | D:5      | Found a staircase to the Ecumenical Temple.
  3805 | D:5      | Reached skill level 9 in Polearms
  3814 | D:5      | Reached skill level 5 in Fighting
  3814 | D:5      | Reached XP level 7. HP: 52/56 MP: 7/7
  3853 | D:5      | Found a sparkling altar of Nemelex Xobeh.
  4828 | D:6      | Reached skill level 10 in Polearms
  4922 | D:6      | Slain by an orc warrior

Illustrated notes

Levels and vault maps discovered:
D:1:      eino_arrival_druids_welcome, layout_rooms,
          chequers_serial_rivers_micro_e, minmay_box_of_dots
D:2:      layout_rooms, overflow_temple_1_default, minmay_pentomino_r4
D:3:      layout_loops_corners, uniq_ijyb
D:4:      layout_cave_pods, cheibrodos_ashenzari_chains,
          gammafunk_ghost_necromancy, serial_glass, glass_columns_b,
          glass_columns_a
D:5:      layout_basic, minmay_temple_entry_tees, first_ration,
          grunt_decor_one_mirror, chequers_serial_rivers_micro_e,
          nemelex_xobeh_ov_fountains_minmay
D:6:      layout_loops_ring, okawaru_ov_weapons_minmay, lemuel_round_altar,
          nicolae_tso_carved_into_rock, uniq_pikel

Skill      XL: |  1  2  3  4  5  6  7 |
---------------+----------------------+-----
Polearms       | 5 6 7 8 9 10 | 10.2
Fighting       | 4 5 |  5.8
Dodging        | 5 |  5.0
Stealth        | |  2.1

Action                   |  1- 3 |  4- 6 |  7- 9 || total
-------------------------+-------+-------+-------++-------
Melee: Spear             |   196 |   190 |       ||   386
       Trident           |       |   147 |   149 ||   296
       Tailslap          |       |       |     1 ||     1
Throw: Boomerang         |       |     5 |    17 ||    22
Evoke: Wand              |       |     2 |       ||     2
  Use: Scroll            |       |     1 |       ||     1
       Potion            |       |       |     1 ||     1
  Eat: Chunk             |     1 |     9 |     2 ||    12
Armor: Plate armour      |   134 |   166 |    59 ||   359
       Robe              |     1 |       |       ||     1
Dodge: Dodged            |    26 |    36 |    14 ||    76
